 Dungeon Crawl Stone Soup version 0.29-a0-512-gf59ac788ac (webtiles) character file.

Game seed: 13887966521342737725

182 kyalle the Sneak (level 5, -11/24 HPs)
             Began as a Spriggan Enchanter on May 29, 2022.
             Mangled by an ogre
             ... wielding a +0 giant spiked club
              (18 damage)
             ... on level 4 of the Dungeon.
             The game lasted 00:16:26 (5563 turns).

kyalle the Sneak (Spriggan Enchanter)               Turns: 5563, Time: 00:16:27

Health: -11/24     AC:  2    Str:  4    XL:     5   Next: 35%
Magic:  11/11      EV: 18    Int: 17    God:
Gold:   264        SH:  0    Dex: 17    Spells: 10/10 levels left

rFire   . . .      SeeInvis +   a - +2 dagger
rCold   . . .      Faith    .   (no shield)
rNeg    . . .      Spirit   .   b - +0 robe
rPois   .          Reflect  .   (helmet restricted)
rElec   .          Harm     .   (no cloak)
rCorr   +          Rampage  .   (gloves unavailable)
Will    +....                   (boots unavailable)
Stlth   +++.......              (no amulet)
HPRegen 0.08/turn               e - ring of resist corrosion
MPRegen 0.12/turn               f - ring of willpower

@: very quick
A: very small, no large weapons, unfitting armour, see invisible, speed 3
a: no special abilities


You were on level 4 of the Dungeon.
You visited 1 branch of the dungeon, and saw 4 of its levels.

You collected 290 gold pieces.
You spent 26 gold pieces at shops.

Inventory:

Hand Weapons
 a - a +2 dagger (weapon)
Armour
 b - a +0 robe (worn)
 s - an orb of light
Jewellery
 e - a ring of resist corrosion (left hand)
 f - a ring of willpower (right hand)
 r - an amulet of the acrobat
Scrolls
 g - 4 scrolls of identify
 l - 3 scrolls of enchant weapon
 n - 3 scrolls of blinking
Potions
 c - a potion of invisibility
 d - a potion of flight {unknown}
 h - a potion of haste {unknown}
 i - a potion of magic {unknown}
 k - 2 potions of curing {unknown}
 m - a potion of berserk rage {unknown}
 o - a potion of lignification {unknown}
 p - 4 potions of degeneration
 t - a potion of heal wounds {unknown}


   Skills:
 * Level 3.2 Short Blades
 + Level 3.8 Dodging
 * Level 6.1 Stealth
 + Level 3.4 Spellcasting
 + Level 4.4 Hexes


You had 10 spell levels left.
You didn't know any spells.
Your spell library contained the following spells:

 Spells                   Type           Power      Damage    Failure   Level
 Confusing Touch          Hex            17%        N/A       9%          3
 Tukima's Dance           Hex            17%        N/A       9%          3
 Ensorcelled Hibernation  Hex/Ice        20%        N/A       11%         2
 Apportation              Tloc           4%         N/A       17%         1
 Magic Dart               Conj           8%         1d3       17%         1
 Necrotize                Necr           8%         1d4       17%         1
 Summon Small Mammal      Summ           8%         N/A       17%         1
 Dazzling Flash           Conj/Hex       20%        N/A       21%         3
 Call Imp                 Summ           2%         N/A       26%         2
 Mephitic Cloud           Conj/Pois/Air  2%         N/A       45%         3


Dungeon Overview and Level Annotations

Branches:
Dungeon (4/15)
 Temple: D:4-7

Altars:

Shops:
D:1 *(*::   D:4 [


Innate Abilities, Weirdness & Mutations

You are very small and have problems with some larger weapons.
You are too small for most types of armour.
You have supernaturally acute eyesight. (SInv)
You cover ground extremely quickly. (Speed+++)


Message History

A kobold comes into view. It is wielding a +0 whip.
The kobold shouts!
You hit the kobold.
You kill the kobold!
Things that are here:
a +0 whip; a kobold corpse
Things that are here:
a +0 short sword; 3 stones You see here a quokka corpse.
You now have 264 gold pieces (gained 19).
You pick up a book of Minor Magic and begin reading...
You add the spells Magic Dart, Call Imp and Mephitic Cloud to your library.
An ogre comes into view. It is wielding a +0 giant spiked club.
You see here a pink potion.
p - 4 pink potions (gained 1)
As you read the scroll of identify, it crumbles to dust.
p - 4 potions of degeneration
Found a shortbow.
You hit the ogre.
The ogre is lightly wounded.
You hit the ogre.
The ogre is lightly wounded.
The ogre closely misses you.
You hit the ogre.
The ogre is moderately wounded.
You hit the ogre.
The ogre is heavily wounded.
The ogre closely misses you.
You hit the ogre.
The ogre is severely wounded.
The ogre hits you with a +0 giant spiked club!
Ouch! That really hurt!
* * * LOW HITPOINT WARNING * * *
You hit the ogre.
The ogre is severely wounded.
You hit the ogre.
The ogre is severely wounded.
The ogre hits you with a +0 giant spiked club!!
Ouch! That really hurt!
You die...

#....)........#..)..........##
##.............)####.........#
##................##.......###
##..#.................#....##
###...#..##.#...##......#....#
#....#...#####..###.#######.##
#.......>.##[..##...## #.#
#.#####....##..#.O†..## ###
...........##..#@.....#
...........#.........##
...........#..........##*
........................#
.......####........∩..### ***
...#.#.# #............##***,**
...#####*#.............#,,,,,***
....#,**)....#..#........,,,,,,*
....#,,,...#.##.#.........,,,,,*


You could see an ogre.

Vanquished Creatures
  The ghost of b0nj0m0n the Vexing, a weakling GnAM (D:3)
  Jessica (D:2)
  A river rat (D:3)
  3 adders (D:3)
  2 worms (D:3)
  A dart slug (D:1)
  8 ball pythons
  2 bats (D:1)
  5 endoplasms
  6 giant cockroaches
  7 hobgoblins
  6 jackals (D:3)
  7 kobolds
  4 quokkas
  5 frilled lizards
  8 goblins
  2 rats (D:1)
69 creatures vanquished.

Notes
Turn   | Place    | Note
-------+----------+-------------------------------------------
     0 | D:1      | kyalle the Spriggan Enchanter began the quest for the Orb.
     0 | D:1      | Reached XP level 1. HP: 9/9 MP: 5/5
   488 | D:1      | Reached XP level 2. HP: 13/13 MP: 6/6
   715 | D:1      | Found a faded altar of an unknown god.
  1076 | D:1      | Found Ifudure's Weapon Boutique.
  1108 | D:1      | Found Uxketura's General Store.
  1109 | D:1      | Found Soasud's Book Shop.
  1116 | D:1      | Found Inigirgh's Book Shoppe.
  1209 | D:1      | Reached skill level 5 in Stealth
  1244 | D:1      | Found Toaw's General Store.
  1253 | D:1      | Bought a scroll of identify for 26 gold pieces
  2205 | D:2      | Reached XP level 3. HP: 12/16 MP: 8/8
  2384 | D:2      | Noticed Jessica
  2390 | D:2      | Killed Jessica
  2924 | D:2      | Reached XP level 4. HP: 21/21 MP: 9/9
  4176 | D:3      | Found a runed translucent door.
  4177 | D:3      | Noticed b0nj0m0n's ghost (weakling GnAM)
  4244 | D:3      | HP: 1/21 [river rat (7)]
  4284 | D:3      | Killed b0nj0m0n's ghost
  4285 | D:3      | Reached skill level 6 in Stealth
  4285 | D:3      | Reached XP level 5. HP: 4/24 MP: 9/11
  4590 | D:3      | Found a runed translucent door.
  5311 | D:4      | Found Woet Itets's Antique Armour Shop.
  5508 | D:4      | Noticed an ogre
  5563 | D:4      | Mangled by an ogre

Illustrated notes

Levels and vault maps discovered:
D:1:      heliophobic_arrival_dark_side_of_the_moon, layout_loops_corners,
          hellmonk_ecumenical_altar_leap_of_faith, serial_shops, shop_statue,
          shop, nicolae_lakefront_shop, shop_fountains, shop,
          minmay_misc_feat_square, roderic_serpentine_path
D:2:      layout_basic, serial_rivers, chequers_serial_rivers_small_b,
          chequers_serial_rivers_large_b, chequers_serial_rivers_micro_c,
          chequers_serial_rivers_large_a, chequers_serial_rivers_micro_c,
          due_unseen_surprise, uniq_jessica
D:3:      layout_basic, ebering_ghost_sewer_f, palyth_stone_intersect
D:4:      layout_cave_pools, mainiacjoe_overflow_cross_hatched, serial_shops,
          shop, chequers_serial_rivers_room_b

Skill      XL: |  1  2  3  4 |
---------------+-------------+-----
Stealth        | 5 6 |  6.1
Dodging        | 3 |  3.8
Short Blades   | 2 3 |  3.2
Spellcasting   | 3 |  3.4
Hexes          | 4 |  4.4

Action                   |  1- 3 |  4- 6 || total
-------------------------+-------+-------++-------
Melee: Dagger            |   139 |   158 ||   297
       Punch             |     1 |     2 ||     3
  Use: Scroll            |     1 |     7 ||     8
       Potion            |       |     1 ||     1
 Stab: Sleeping          |     9 |     8 ||    17
       Invisible         |       |     2 ||     2
Armor: Robe              |     8 |    10 ||    18
Dodge: Dodged            |    98 |    92 ||   190

Table legend: (Time is in decaauts)
 A = Elapsed time spent in this place.
 B = Non-inter-level travel time spent in this place.
 C = Inter-level travel time spent in this place.
 D = Time resting spent in this place.
 E = Time spent auto-exploring this place.
 F = Levels seen in this place.
 G = Mean time per level.
                   A        B        C        D        E       F      G
               +--------+--------+--------+--------+--------+-----+--------+
         Total |   4294 |   4056 |    238 |    491 |   2754 |   4 | 1073.5 |
       Dungeon |   4294 |   4056 |    238 |    491 |   2754 |   4 | 1073.5 |
               +--------+--------+--------+--------+--------+-----+--------+

Top non-repeatable levels by time:
     D:1: 1683 daAuts
     D:3: 1265 daAuts
     D:2: 1068 daAuts
     D:4: 277 daAuts
